Map: [G8] Ancient Cistern

Players

Solar - Winner!

  • Race: Zerg Zerg
  • Spawn Location: 7:00

Oliveira

  • Race: Terran Terran
  • Spawn Location: 1:00

Event: Gamers8 2023

VOD

Have the link to the VOD?

Description

Time

  • Played on: Aug. 3, 2023, 8:01 a.m.
  • Length: 12:41

All games in this series

Show
View Real Time Build Order
Export as new Build Order

Solar Zerg - Winner!

Build Orders: Hatch First 

Get SALT Encoding   

  12  0:00  Drone  
  13  0:12  Overlord  
  13  0:16  Drone  
  14  0:30  Drone  
  14  0:31  Drone  
  16  0:46  Hatchery  
  15  0:50  Drone  
  15  0:54  Drone  
  17  0:57  Drone  
  18  1:10  Extractor  
  17  1:14  Spawning Pool  
  17  1:15  Drone  
  17  1:18  Drone  
  18  1:27  Drone  
  19  1:38  Drone  
  20  1:49  Drone  
  21  2:01  Queen x2, Zergling x4  
  27  2:10  Overlord  
  27  2:11  Drone  
  28  2:20  Hatchery  
  27  2:23  Drone  
  28  2:30  Drone  
  28  2:32  Drone  
  30  2:41  Queen, Metabolic Boost  
  32  2:46  Overlord  
  32  2:49  Drone  
  33  2:52  Drone  
  33  2:56  Drone x2  
  36  3:05  Drone x2  
  38  3:11  Drone x3  
  41  3:16  Queen  
  43  3:20  Overlord  
  43  3:22  Drone  
  44  3:31  Queen  
  44  3:32  Queen  
  48  3:35  Drone x2  
  48  3:39  Drone  
  48  3:41  Drone x2  
  53  3:42  Zergling x2  
  53  3:44  Overlord  
  53  3:47  Overlord  
  54  3:49  Drone  
  54  3:53  Drone x2  
  57  3:56  Drone  
  57  3:57  Overlord  
  57  4:01  Overlord  
  58  4:04  Drone x2  
  58  4:09  Drone x3  
  62  4:11  Queen  
  62  4:14  Drone x2  
  62  4:15  Drone  
  67  4:20  Queen  
  67  4:21  Drone x2  
  71  4:24  Overlord  
  71  4:26  Zergling x2  
  71  4:27  Zergling x2  
  71  4:29  Drone x2  
  75  4:32  Drone  
  75  4:34  Extractor  
  75  4:37  Drone  
  75  4:38  Evolution Chamber x2  
  75  4:42  Drone x2  
  76  4:46  Spore Crawler, Drone  
  76  4:47  Drone x2  
  76  4:48  Queen  
  76  4:49  Extractor  
  76  4:50  Drone  
  80  4:57  Drone x3  
  80  4:59  Zergling x4, Overlord  
  85  5:04  Drone x2  
  87  5:07  Zerg Ground Armor Level 1, Extractor, Zerg Melee Weapons Level 1  
  87  5:08  Zergling x4  
  88  5:15  Zergling x6  
  91  5:22  Zergling x2  
  91  5:23  Zergling x6  
  91  5:25  Hatchery  
  91  5:27  Overlord, Lair  
  93  5:31  Baneling Nest  
  93  5:32  Overlord  
  93  5:34  Zergling x2  
  93  5:36  Zergling x4  
  93  5:39  Zergling x4  
  93  5:41  Overlord  
  93  5:42  Extractor  
  96  5:44  Overlord  
  96  5:47  Zergling x6  
  98  5:51  Drone  
  97  5:57  Drone  
  97  5:58  Drone x3  
  97  5:59  Drone x2  
  97  6:00  Drone  
  97  6:01  Drone  
  104  6:04  Drone  
  104  6:08  Zergling x8  
  109  6:12  Zergling x2  
  109  6:13  Hatchery  
  109  6:17  Baneling x2  
  109  6:18  Baneling x8  
  109  6:19  Baneling x2  
  109  6:20  Zergling x4  
  109  6:22  Overlord  
  111  6:27  Centrifugal Hooks, Overseer  
  111  6:29  Drone x2  
  111  6:32  Drone  
  114  6:36  Drone x2  
  114  6:37  Queen  
  114  6:38  Zergling x4  
  114  6:39  Zergling x2  
  121  6:41  Zergling x4  
  121  6:43  Zergling x4  
  121  6:46  Overlord  
  123  6:53  Drone  
  124  6:55  Zergling x2  
  124  6:56  Zergling x4  
  124  6:58  Zergling x4  
  124  6:59  Zergling x2  
  124  7:00  Zergling x2  
  131  7:02  Baneling x2  
  131  7:05  Zerg Melee Weapons Level 2  
  131  7:07  Zerg Ground Armor Level 2  
  131  7:09  Zergling x2  
  131  7:11  Zergling x4  
  131  7:12  Hatchery  
  131  7:13  Zergling x6  
  132  7:19  Zergling x12  
  128  7:23  Zergling x10  
  128  7:25  Zergling x4  
  132  7:31  Infestation Pit  
  132  7:33  Baneling x2  
  132  7:34  Zergling x6  
  134  7:39  Zergling x4  
  136  7:46  Drone x2  
  136  7:50  Zergling x2  
  136  7:51  Zergling x4  
  120  7:52  Drone  
  120  7:53  Drone  
  120  7:55  Drone  
  120  7:57  Baneling x13  
  121  7:58  Zergling x18  
  121  7:59  Zergling x4  
  121  8:04  Hydralisk Den  
  131  8:06  Zergling x10  
  131  8:09  Drone  
  131  8:10  Zergling x2  
  131  8:11  Baneling x13  
  131  8:12  Baneling  
  138  8:17  Hive  
  138  8:19  Drone  
  142  8:20  Drone x3  
  142  8:24  Extractor, Overlord  
  142  8:26  Drone  
  142  8:27  Zergling x10  
  142  8:30  Pneumatized Carapace, Overseer  
  142  8:33  Muscular Augments  
  145  8:34  Drone x2  
  145  8:35  Drone  
  145  8:37  Drone x2  
  145  8:39  Extractor  
  149  8:44  Drone x2  
  149  8:47  Zergling x16  
  155  8:50  Zergling x6  
  155  8:54  Overlord  
  155  8:58  Zergling x14  
  155  8:59  Zergling x2  
  155  9:02  Zergling x8  
  150  9:04  Zergling x4  
  152  9:12  Overlord  
  152  9:13  Drone x3  
  152  9:15  Hydralisk x5  
  152  9:17  Baneling x2  
  165  9:24  Drone x2  
  165  9:26  Zerg Missile Weapons Level 1, Lurker Den  
  165  9:30  Overlord  
  166  9:31  Hatchery  
  166  9:32  Zergling x12  
  166  9:33  Extractor  
  166  9:36  Viper x2  
  174  9:41  Adrenal Glands  
  174  9:43  Zergling x10  
  176  9:46  Zergling x6  
  176  9:47  Baneling x5  
  176  9:48  Baneling  
  176  9:50  Zergling x6  
  181  9:53  Zergling x8  
  171  10:02  Zergling x20  
  171  10:09  Overlord  
  171  10:13  Drone x3  
  174  10:16  Zergling x18  
  183  10:22  Spore Crawler  
  183  10:24  Overlord  
  183  10:26  Zergling x12  
  183  10:27  Baneling  
  183  10:28  Baneling x5  
  188  10:31  Hydralisk x2  
  188  10:35  Hydralisk x2  
  191  10:40  Grooved Spines  
  191  10:42  Seismic Spines  
  194  10:44  Hydralisk  
  194  10:45  Hydralisk x2  
  200  10:56  Baneling x7  
  200  10:57  Baneling x10  
  200  11:18  Zergling x58  
  193  11:20  Zergling x12  
  193  11:25  Zergling x6  
  178  11:27  Hydralisk  
  178  11:32  Hydralisk x2  
  179  11:33  Zergling x6  
  179  11:37  Zergling x4  
  179  11:39  Adaptive Talons, Baneling x14  
  188  11:45  Zergling x4  
  188  11:46  Zergling x2  
  191  11:47  Zergling x2  
  191  11:50  Zergling x8  
  191  11:53  Baneling x3  
  191  11:54  Hatchery  
  195  11:55  Baneling x9  
  195  11:56  Baneling x2  
  195  11:58  Zergling x6  
  195  12:00  Baneling x6  
  198  12:02  Zergling x4  
  198  12:18  Zergling x4  
Show
View Real Time Build Order
Export as new Build Order

Oliveira Terran 

Build Orders: Reaper Expand 

Get SALT Encoding   

  12  0:00  SCV  
  13  0:12  SCV  
  14  0:17  Supply Depot  
  14  0:24  SCV  
  15  0:38  SCV  
  15  0:39  Barracks  
  16  0:44  Refinery  
  16  0:50  SCV  
  17  1:02  SCV  
  18  1:15  SCV  
  19  1:28  Orbital Command  
  19  1:29  Reaper  
  20  1:39  Command Center  
  20  1:49  Supply Depot  
  20  1:55  SCV  
  20  2:01  Marine  
  21  2:07  SCV  
  23  2:19  Command Center  
  23  2:20  SCV  
  24  2:23  Barracks Reactor  
  24  2:32  SCV  
  24  2:36  Barracks  
  25  2:45  SCV  
  26  2:52  Orbital Command  
  26  2:57  SCV  
  26  2:58  Factory  
  27  3:00  Refinery  
  27  3:02  Marine  
  27  3:04  Marine  
  29  3:09  SCV  
  30  3:17  SCV  
  31  3:21  SCV  
  31  3:24  Barracks Tech Lab  
  31  3:25  Marine x2  
  34  3:29  SCV  
  34  3:32  Orbital Command  
  34  3:33  SCV  
  36  3:42  SCV  
  36  3:43  Marine x2, Stimpack  
  36  3:45  SCV  
  40  3:49  Marine  
  40  3:52  Starport  
  40  3:54  SCV  
  42  3:57  SCV  
  42  4:00  Factory Reactor, SCV  
  42  4:01  Marine x2  
  46  4:06  SCV  
  46  4:07  Marine  
  46  4:09  SCV, Supply Depot  
  49  4:12  SCV  
  50  4:18  SCV  
  50  4:19  Marine x2  
  50  4:21  SCV  
  54  4:24  SCV  
  54  4:25  Marine  
  54  4:30  SCV  
  57  4:33  SCV, Supply Depot  
  57  4:36  Marine x2  
  60  4:40  Engineering Bay x2  
  60  4:41  Medivac x2  
  60  4:43  Marine  
  60  4:44  Orbital Command, SCV, Factory Tech Lab  
  66  4:47  Refinery  
  66  4:48  Refinery  
  66  4:51  SCV  
  67  4:54  Marine x2  
  67  4:56  SCV  
  67  4:57  Supply Depot  
  70  5:01  Marine  
  70  5:04  SCV  
  72  5:07  Barracks  
  72  5:08  SCV  
  72  5:09  Terran Infantry Weapons Level 1  
  72  5:12  Marine x2  
  75  5:14  Supply Depot  
  75  5:15  SCV  
  75  5:16  SCV  
  75  5:19  Marine  
  75  5:20  SCV  
  79  5:23  Siege Tank  
  79  5:27  Starport Reactor, SCV  
  79  5:28  SCV  
  84  5:30  Marine  
  84  5:34  Terran Infantry Armor Level 1  
  85  5:35  Marine  
  85  5:37  Barracks  
  85  5:39  Marine, Barracks, Supply Depot  
  85  5:42  SCV, Supply Depot  
  88  5:45  Combat Shield  
  85  5:51  Marine  
  85  5:53  SCV x2  
  85  5:55  Marine  
  89  5:58  Siege Tank, SCV  
  89  6:01  Supply Depot  
  89  6:03  Supply Depot  
  92  6:08  Marine, Bunker  
  92  6:10  SCV  
  92  6:11  SCV  
  95  6:12  SCV  
  95  6:13  Marine  
  95  6:14  Marine  
  98  6:21  Medivac  
  98  6:23  Marine  
  102  6:25  SCV  
  102  6:27  Barracks Reactor x2, SCV  
  102  6:29  SCV  
  102  6:32  Marine  
  105  6:33  Siege Tank, Supply Depot  
  105  6:35  Marine  
  109  6:42  Supply Depot  
  109  6:43  SCV  
  109  6:44  Marine x2, SCV  
  109  6:46  Medivac, Refinery  
  115  6:50  Armory  
  115  6:51  Marine  
  116  6:54  Marine  
  116  6:57  Supply Depot  
  117  7:02  Supply Depot  
  117  7:04  Marine, SCV x2  
  120  7:11  Marine x2  
  120  7:12  Marine x2  
  120  7:13  Siege Tank  
  116  7:16  SCV x2  
  116  7:19  Marine  
  110  7:24  Marine x4  
  110  7:26  SCV  
  111  7:30  Marine x2, SCV  
  111  7:34  Medivac x2  
  111  7:35  SCV  
  119  7:37  Marine x2  
  119  7:38  Marine, SCV  
  119  7:42  Terran Infantry Weapons Level 2  
  119  7:43  Marine x3  
  117  7:53  Marine x3  
  117  7:54  Siege Tank  
  117  7:55  SCV x2  
  124  7:59  SCV  
  124  8:03  Marine x2  
  124  8:05  Marine  
  128  8:08  Medivac, Command Center, Factory  
  130  8:13  SCV  
  130  8:14  Marine x2  
  130  8:18  SCV, Supply Depot  
  130  8:19  Refinery, Terran Vehicle Weapons Level 1  
  134  8:20  Marine x3  
  137  8:29  Marine, Terran Infantry Armor Level 2  
  137  8:30  Marine x2  
  137  8:32  SCV  
  141  8:37  Supply Depot  
  141  8:39  Marine  
  141  8:40  Siege Tank, SCV  
  146  8:41  Supply Depot  
  146  8:42  Marine x3  
  149  8:55  Marine  
  149  8:56  Marine x2  
  149  9:02  Marine x2  
  138  9:03  Marine x2  
  138  9:06  Medivac, Factory Tech Lab  
  138  9:07  SCV x3  
  136  9:10  Supply Depot  
  136  9:11  Marine x2, Supply Depot  
  136  9:13  Siege Tank  
  136  9:14  Marine  
  136  9:15  Marine  
  136  9:16  Medivac  
  144  9:17  Marine  
  144  9:19  SCV x2  
  147  9:25  Marine x3  
  147  9:26  Siege Tank, Marine  
  147  9:28  Marine  
  147  9:29  Supply Depot  
  155  9:32  Marine  
  155  9:33  Marine x2  
  157  9:39  Marine  
  157  9:43  Marine x2  
  157  9:45  Marine x2  
  157  9:46  Siege Tank, Medivac  
  157  9:50  Marine  
  157  9:51  Marine  
  164  9:54  Marine  
  162  10:01  Sensor Tower  
  162  10:02  Marine x3, Planetary Fortress  
  162  10:05  Siege Tank  
  162  10:06  Marine  
  165  10:09  Marine x3  
  168  10:16  Medivac  
  168  10:17  Marine  
  168  10:18  Marine  
  172  10:25  Marine x2  
  172  10:26  Barracks x2  
  172  10:27  Siege Tank  
  172  10:28  Barracks  
  177  10:30  Medivac, Marine x2  
  179  10:36  Marine  
  179  10:37  Marine x2  
  179  10:41  Marine x2  
  181  10:44  Marine  
  181  10:46  Marine  
  181  10:48  Siege Tank, Medivac, Marine x2  
  190  10:54  Command Center, Marine  
  191  11:02  Marine  
  192  11:04  Marine  
  160  11:19  Marine x2  
  127  11:26  Marine x6  
  127  11:30  Marine  
  127  11:32  Barracks Tech Lab x3  
  123  11:35  SCV  
  123  11:36  Refinery x2, SCV  
  123  11:43  Siege Tank, Marine x2  
  123  11:44  Marine  
  123  11:45  SCV  
  130  11:50  Siege Tank, Marine x2  
  130  11:52  Marine x2  
  137  11:56  Marine  
  137  11:58  Marauder x4  
  146  12:01  Marine x3  
  146  12:08  Marine x2  
  148  12:10  Marine  
  148  12:15  Marine x2  
  155  12:19  Marauder x2  
Tags
 
Add a new tag
Caveats
  • Supply blocks, unpowered buildings, or Contaminate may cause inaccurate times.
  • Supply counts are checked every 10 seconds.